 Dungeon Crawl Stone Soup version 0.20.0-9-g8272e65 (webtiles) character file.

11602 Chiseanne the Fighter (level 11, 0/93 (94) HPs)
             Began as a Ghoul Wizard on June 3, 2017.
             Was a Priest of Okawaru.
             Slain by a yak (6 damage)
             ... on level 2 of the Lair of Beasts.
             The game lasted 00:48:14 (15462 turns).

Chiseanne the Fighter (Ghoul Wizard)               Turns: 15462, Time: 00:48:15

HP:   0/93 (94)     AC:  5    Str:  9    XL:     11   Next: 80%
MP:   3/19          EV: 13    Int: 22    God:    Okawaru [***...]
Gold: 629           SH: 10    Dex:  7    Spells: 14/23 levels left

rFire    . . .     SeeInvis .   a - +2 whip (elec)
rCold    + + +     Gourm    .   E - +1 buckler
rNeg     + + +     Faith    .   i - +0 leather armour of the World {rPois rC+++ rCorr Str-3}
rPois    ∞         Spirit   .   H - +2 hat
rElec    .         Reflect  +   (no cloak)
rCorr    +         Harm     .   (no gloves)
MR       .....                  (no boots)
Stlth    +.........             q - +4 amulet of reflection
Regen    0.0/turn               c - +5 ring of slaying
MPRegen  0.2/turn               D - +6 ring of intelligence

@: about to teleport, very slightly contaminated, rotting
A: rotting body, claws 1, carnivore 3, cold resistance 1, negative energy
resistance 3, inhibited regeneration, torment resistance, unbreathing
a: Heroism, Renounce Religion


You were on level 2 of the Lair of Beasts.
You worshipped Okawaru.
Okawaru was most pleased with you.
You were not hungry.

You visited 3 branches of the dungeon, and saw 14 of its levels.

You collected 629 gold pieces.

Inventory:

Hand Weapons
 a - a +2 whip of electrocution (weapon)
 b - a +0 vampiric spear
 d - a +3 flail of crushing
 p - a +0 blowgun
 s - a +1 short sword of venom
 x - a +3 scimitar of flaming
Missiles
 k - 3 needles of confusion
 m - 96 bolts
 o - 8 curare-tipped needles
 y - 73 sling bullets
 A - 4 throwing nets (quivered)
 G - 16 poisoned needles
 I - 28 tomahawks
Armour
 i - the +0 leather armour of the World (worn) {rPois rC+++ rCorr Str-3}
   (You found it on level 4 of the Dungeon)

   It affects your strength (-3).
   It renders you almost immune to cold.
   It protects you from poison.
   It protects you from acid and corrosion.
 E - a +1 buckler (worn)
 H - a +2 hat (worn)
Jewellery
 c - a +5 ring of slaying (left claw)
 e - an uncursed amulet of faith {unknown}
 h - an uncursed ring of resist corrosion
 q - a +4 amulet of reflection (around neck)
 u - an uncursed ring of see invisible
 D - a +6 ring of intelligence (right claw)
 S - an uncursed ring of protection from fire {unknown}
Wands
 n - a wand of confusion (22/48)
 t - a wand of clouds (0/9)
 v - a wand of confusion (13/48)
 z - a wand of scattershot (2/9)
 N - a wand of disintegration (14/24)
Scrolls
 r - a scroll of teleportation
 w - 2 scrolls of remove curse
 L - 2 scrolls of recharging
 Q - a scroll of identify
 R - a scroll of fog
Potions
 f - 2 potions of curing
 g - a potion of resistance
 j - a potion of magic {unknown}
 C - 2 potions of heal wounds
 K - 3 potions of flight
 M - a potion of haste {unknown}
Books
 F - the Tome of Burning Confrontation
   (You found it on level 8 of the Dungeon)

   Spells                             Type                      Level
   a - Static Discharge               Conjuration/Air              3
   b - Irradiate                      Conjuration/Transmutation    5
   c - Bolt of Magma                  Conjuration/Fire/Earth       5
   d - Spellforged Servitor           Conjuration/Summoning        7
 J - a book of Necromancy

   Spells                             Type                      Level
   a - Pain                           Necromancy                   1
   b - Animate Skeleton               Necromancy                   1
   c - Vampiric Draining              Necromancy                   3
   d - Regeneration                   Charms/Necromancy            3
   e - Animate Dead                   Necromancy                   4
   f - Control Undead                 Necromancy                   4
Miscellaneous
 O - a fan of gales
Comestibles
 l - 6 meat rations
 B - 6 royal jellies
 P - 4 chunks of flesh


   Skills:
 - Level 8.0 Fighting
 + Level 3.2 Maces & Flails
 - Level 5.3 Armour
 * Level 6.6 Dodging
 - Level 2.1 Stealth
 * Level 6.5 Shields
 - Level 6.6 Spellcasting
 - Level 6.0 Conjurations
   Level 0.8 Summonings
 - Level 0.8 Translocations
 * Level 6.1 Invocations


You had 14 spell levels left.
You knew the following spells:

 Your Spells              Type           Power        Failure   Level  Hunger
a - Magic Dart            Conj           ####         1%          1    None
b - Blink                 Tloc           N/A          12%         2    None
c - Conjure Flame         Conj/Fire      ###.....     10%         3    #......
d - Mephitic Cloud        Conj/Pois/Air  ###.....     14%         3    #......


Dungeon Overview and Level Annotations

Branches:
Dungeon (11/15)            Temple (1/1) D:6            Lair (2/6) D:9
    Orc (0/2) D:9
  Swamp: Lair:2-4    Shoals: Lair:2-4     Snake: Lair:2-4    Spider: Lair:2-4

Altars:
Ashenzari
Cheibriados
Dithmenos
Gozag
Hepliaklqana
Makhleb
Nemelex Xobeh
Okawaru
Ru
Sif Muna
Trog
Uskayaw
Xom
Yredelemnul
Zin
The Shining One

Shops:
D:7 :   D:10 ?

Annotations:
D:3 Grinder; smajdalf's ghost, amateur DsIE
D:5 Acryon's ghost, novice DrBe


Innate Abilities, Weirdness & Mutations

Your body is rotting away.
You thrive on raw meat.
You are immune to poison.
You have sharp fingernails.
You are carnivorous and can eat meat at any time.
Your flesh is cold resistant. (rC+)
You are immune to negative energy. (rN+++)
You do not regenerate when monsters are visible.
You are immune to unholy pain and torment.
You can survive without breathing.


Message History

You blink.
Casting: Blink
Confirm with . or Enter, or press ? or * to list all spells.
Aiming: Mephitic Cloud
Press: ? - help, Shift-Dir - straight line, f - yak
Aim: a yak You miscast Mephitic Cloud.
You feel weak for a moment.
Casting: Mephitic Cloud
Confirm with . or Enter, or press ? or * to list all spells.
Aiming: Mephitic Cloud
Press: ? - help, Shift-Dir - straight line, f/p - yak
Aim: a yak You miscast Mephitic Cloud.
You feel a strange surge of energy!
Casting: Mephitic Cloud
Confirm with . or Enter, or press ? or * to list all spells.
You don't have enough magic to cast that spell.
As you read the scroll of teleportation, it crumbles to dust.
You feel strangely unstable. The yak gores you.
You die...

>.....................#...
.....<................#..# #
........................###P#
.............................
....................../......
......................#......
...................Y.........
......÷...........Y.....#P.#.
................@YY...######
###.###P#.##.####...### ###
######## #####


You could see 4 yaks.

Vanquished Creatures
  Erica (D:8)
  Pikel (D:7)
  A spiny frog (Lair:2)
  2 komodo dragons
  A hornet (D:7)
  3 hippogriffs
  Sigmund (D:3)
  A wyvern (D:9)
  2 yaks
  2 basilisks (D:9)
  3 hungry ghosts
  Menkaure (D:4)
  Edmund (D:4)
  5 water moccasins
  A porcupine (Lair:1)
  3 slaves (D:7)
  2 black bears
  5 orc warriors
  3 sky beasts
  A hornet zombie (D:10)
  A necrophage (D:5)
  A phantom (D:8)
  2 ice beasts
  3 centaurs
  5 ogres
  3 crocodiles
  5 big kobolds
  Blork the orc (D:5)
  7 bullfrogs
  2 gnoll sergeants
  A wyvern zombie (D:8)
  A wyvern skeleton (D:10)
  2 scorpions
  11 killer bees
  12 wights
  6 electric eels (D:9)
  3 howler monkeys (D:8)
  4 crimson imps
  A bullfrog zombie (D:7)
  A jelly (D:7)
  A centaur zombie (D:10)
  6 hounds
  14 orc priests
  12 orc wizards
  2 centaur skeletons
  Jessica (D:3)
  Natasha (thrice) (D:2)
  2 iguanas
  11 worker ants
  13 gnolls
  12 adders
  5 shadow imps
  3 oozes
  An adder zombie (D:9)
  An adder skeleton (D:6)
  4 worms
  2 dart slugs (D:1)
  3 leopard geckos
  50 orcs
  8 bats
  7 giant cockroaches
  6 goblins (D:1)
  4 hobgoblins
  2 jackals (D:8)
  25 kobolds
  4 quokkas
  5 frilled lizards
  A leopard gecko skeleton (D:9)
  A quokka skeleton (D:6)
  4 rats
325 creatures vanquished.

Vanquished Creatures (others)
  An orc warrior (D:10)
  An orc (D:9)
  2 kobolds (D:9)
  A plant (D:6)
5 creatures vanquished.

Grand Total: 330 creatures vanquished

Notes
Turn   | Place    | Note
-------+----------+-------------------------------------------
     0 | D:1      | Chiseanne the Ghoul Wizard began the quest for the Orb.
     0 | D:1      | Reached XP level 1. HP: 14/14 MP: 3/3
    49 | D:1      | Reached skill level 1 in Conjurations
   293 | D:1      | Found a shattered altar of Ashenzari.
   318 | D:1      | Reached XP level 2. HP: 19/22 MP: 4/4
   369 | D:1      | Reached skill level 1 in Fighting
   632 | D:1      | Reached XP level 3. HP: 26/28 MP: 0/6
   806 | D:1      | Learned a level 2 spell: Blink
   810 | D:1      | Learned a level 3 spell: Conjure Flame
  1216 | D:2      | Noticed Natasha
  1229 | D:2      | Killed Natasha
  1229 | D:2      | Reached skill level 2 in Fighting
  1229 | D:2      | Reached XP level 4. HP: 30/36 MP: 1/7
  1234 | D:2      | Learned a level 3 spell: Mephitic Cloud
  1595 | D:2      | Noticed Natasha
  1605 | D:2      | Killed Natasha
  1642 | D:2      | Noticed Natasha
  1657 | D:2      | Killed Natasha
  1657 | D:2      | Reached XP level 5. HP: 11/42 MP: 1/9
  2085 | D:3      | Noticed smajdalf's ghost (amateur DsIE)
  2135 | D:3      | Noticed Jessica
  2151 | D:3      | Killed Jessica
  2397 | D:3      | Noticed Sigmund
  2651 | D:3      | Killed Sigmund
  2651 | D:3      | Reached skill level 3 in Fighting
  2651 | D:3      | Reached XP level 6. HP: 46/50 MP: 1/10
  3140 | D:3      | Noticed Grinder
  3281 | D:4      | Noticed Edmund
  3355 | D:4      | Reached XP level 7. HP: 7/56 MP: 2/12
  3388 | D:4      | Killed Edmund
  3388 | D:4      | Reached skill level 4 in Fighting
  3672 | D:4      | Got a heavily runed leather armour
  3673 | D:4      | Identified the cursed +0 leather armour of the World {rPois rC+++ rCorr Str-3} (You found it on level 4 of the Dungeon)
  3729 | D:4      | Noticed Menkaure
  3739 | D:4      | Killed Menkaure
  3739 | D:4      | Reached skill level 1 in Armour
  4366 | D:5      | Entered Level 5 of the Dungeon
  4432 | D:5      | Reached XP level 8. HP: 37/67 MP: 7/13
  4896 | D:5      | Reached skill level 5 in Fighting
  5260 | D:5      | Noticed Blork the orc
  5279 | D:5      | Killed Blork the orc
  5279 | D:5      | Reached skill level 5 in Spellcasting
  5329 | D:5      | Noticed Acryon's ghost (novice DrBe)
  5850 | D:6      | Reached skill level 6 in Fighting
  5881 | D:6      | Reached XP level 9. HP: 60/75 MP: 9/16
  5946 | D:6      | Found a staircase to the Ecumenical Temple.
  5977 | Temple   | Entered the Ecumenical Temple
  6171 | D:6      | Found a hazy altar of Hepliaklqana.
  6405 | D:7      | Found a basalt altar of Yredelemnul.
  6450 | D:7      | Noticed Pikel
  6633 | D:7      | Killed Pikel
  7032 | D:6      | Reached skill level 5 in Conjurations
  7788 | D:7      | Found Zanewor Emio's Book Emporium.
  7971 | D:7      | Noticed a hornet
  7980 | D:7      | HP: 1/76 [hornet (16)]
  7991 | D:7      | Killed a hornet
  7991 | D:7      | Reached skill level 7 in Fighting
  8174 | D:7      | Reached XP level 10. HP: 66/85 MP: 13/18
  8451 | D:8      | Noticed Erica
  8467 | D:8      | Killed Erica
  8496 | D:8      | Reached skill level 5 in Armour
  8743 | D:8      | Identified the Tome of Burning Confrontation
  9211 | D:8      | Reached skill level 8 in Fighting
  9395 | Temple   | Became a worshipper of Warmaster Okawaru
  9703 | D:9      | Reached skill level 1 in Invocations
  9987 | D:8      | Reached skill level 1 in Maces & Flails
 10380 | D:9      | Reached * piety under Okawaru
 10729 | D:9      | Reached skill level 5 in Shields
 10741 | D:9      | Reached XP level 11. HP: 93/93 MP: 2/19
 10889 | D:9      | Reached skill level 5 in Dodging
 11487 | D:9      | Found a basalt altar of Yredelemnul.
 11548 | D:9      | Found a staircase to the Orcish Mines.
 11727 | D:9      | Found a staircase to the Lair.
 11797 | D:10     | Entered Level 10 of the Dungeon
 12178 | D:10     | Reached ** piety under Okawaru
 12470 | D:9      | HP: 1/94 [water moccasin (5)]
 13116 | D:10     | Found Buotzuot's Magic Scroll Emporium.
 13736 | D:10     | Noticed a two-headed ogre
 13952 | D:11     | Reached skill level 5 in Invocations
 14289 | D:11     | Noticed a cyan ugly thing
 14383 | Lair:1   | Entered Level 1 of the Lair of Beasts
 14510 | Lair:1   | Reached *** piety under Okawaru
 15462 | Lair:2   | Slain by a yak

Skill      XL: |  1  2  3  4  5  6  7  8  9 10 11 |
---------------+----------------------------------+-----
Conjurations   | 1 2 3 4 5 6 |  6.0
Fighting       | 1 2 3 4 6 7 8 |  8.0
Dodging        | 2 3 4 6 |  6.6
Spellcasting   | 3 4 5 6 |  6.6
Armour         | 1 3 4 5 |  5.3
Shields        | 4 5 6 |  6.5
Invocations    | 3 6 |  6.1
Maces & Flails | 2 3 |  3.2
Stealth        | |  2.1
Summonings     | |  0.8
Translocations | |  0.8

Action                   |  1- 3 |  4- 6 |  7- 9 | 10-12 || total
-------------------------+-------+-------+-------+-------++-------
Melee: Unarmed           |    29 |       |       |       ||    29
       Club              |    14 |       |       |       ||    14
       Short sword       |    32 |   124 |    13 |    28 ||   197
       Flail             |       |       |   278 |       ||   278
       Whip              |       |       |    81 |   452 ||   533
 Cast: Magic Dart        |    41 |   126 |   218 |   372 ||   757
       Mephitic Cloud    |       |     7 |    20 |    38 ||    65
       Conjure Flame     |       |     1 |       |     2 ||     3
       Blink             |       |       |       |     1 ||     1
Invok: Heroism           |       |       |       |     1 ||     1
Evoke: Wand              |       |       |     2 |     3 ||     5
  Use: Scroll            |     1 |     2 |     6 |     5 ||    14
       Potion            |       |     8 |     7 |     4 ||    19
 Stab: Sleeping          |     2 |       |       |     2 ||     4
       Confused          |       |     4 |     3 |     5 ||    12
       Invisible         |       |     1 |       |       ||     1
  Eat: Chunk             |     2 |     9 |    79 |    91 ||   181
Armor: Robe              |    11 |    24 |     1 |       ||    36
       Leather armour    |       |       |    76 |    93 ||   169
Dodge: Dodged            |    51 |   126 |   276 |   296 ||   749
Block: Buckler           |       |       |    13 |   232 ||   245
       Reflection        |       |       |       |    16 ||    16
